 Dungeon Crawl Stone Soup version 0.22-a0-352-gc608dd7 (webtiles) character file.

72977 mortelune the Destroyer (level 15, -9/115 HPs)
             Began as a Demonspawn Wizard on Apr 14, 2018.
             Was a High Priest of Vehumet.
             Killed from afar by Frances (43 damage)
             ... with an iron shot
             ... on level 14 of the Dungeon on Apr 15, 2018.
             The game lasted 02:23:24 (34479 turns).

mortelune the Destroyer (Demonspawn Wizard)        Turns: 34479, Time: 02:23:25

Health: -9/115     AC: 18    Str:  8    XL:     15   Next: 2%
Magic:  0/39       EV: 15    Int: 29    God:    Vehumet [*****.]
Gold:   2171       SH:  4    Dex: 11    Spells: 3/37 levels left

rFire    + . .     SeeInvis .   W - staff of air
rCold    . . .     Gourm    .   F - +0 buckler {AC+3}
rNeg     . . .     Faith    .   M - +0 steam dragon scales
rPois    .         Spirit   +   Y - +3 hat of Happiness {MR+}
rElec    +         Reflect  .   i - +0 cloak {MR+}
rCorr    .         Harm     .   (no gloves)
MR       +++..                  k - +1 pair of boots
Stlth    ++........             (no amulet)
HPRegen  0.29/turn              x - ring of wizardry
MPRegen  0.52/turn              N - ring "Guguusk" {*Contam MP+9 EV+3 Int+3}

@: no status effects
A: antennae 2, thin metallic scales 3, demonic guardian 1, fire resistance 1,
magic shield, magic regeneration
a: Renounce Religion


You were on level 14 of the Dungeon.
You worshipped Vehumet.
Vehumet was extremely pleased with you.
You were near starving.

You visited 4 branches of the dungeon, and saw 23 of its levels.
You also visited: Labyrinth.

You collected 3002 gold pieces.
You spent 831 gold pieces at shops.

Inventory:

Hand Weapons
 c - a +2 spear of freezing
Missiles
 B - 8 poisoned javelins (quivered)
 K - 258 stones
Armour
 i - a +0 cloak of magic resistance (worn)
 k - a +1 pair of boots (worn)
 F - a +0 buckler of protection (worn)
 M - +0 steam dragon scales (worn)
 P - a +1 robe of cold resistance
 Y - the +3 hat of Happiness (worn) {MR+}
   (You found it on level 2 of the Orcish Mines)

   It affects your resistance to hostile enchantments.
 Z - the +0 hat of Dawn {rF+ SInv}
   (You found it on level 2 of the Orcish Mines)

   It protects you from fire.
   It lets you see invisible.
Magical Staves
 W - an uncursed staff of air (weapon)
Jewellery
 e - an uncursed ring of resist corrosion
 f - an uncursed ring of protection from cold
 n - an uncursed ring of flight
 x - a ring of wizardry (left hand)
 I - an uncursed ring of ice
 N - the ring "Guguusk" (right hand) {*Contam MP+9 EV+3 Int+3}
   (You found it on level 9 of the Dungeon)

   [ring of evasion]

   It affects your evasion (+3).
   It affects your intelligence (+3).
   It affects your magic capacity (+9).
   It causes magical contamination when unequipped.
Wands
 b - a wand of digging (33)
 h - a wand of polymorph (46)
 v - a wand of iceblast (8)
 z - a wand of disintegration (4)
 A - a wand of enslavement (36)
 R - a wand of flame (81)
 T - a wand of paralysis (48)
Scrolls
 a - a scroll of summoning
 l - 5 scrolls of teleportation
 p - 3 scrolls of immolation
 t - 5 scrolls of enchant armour
 w - 5 scrolls of enchant weapon
 y - 2 scrolls of remove curse
 C - 2 scrolls of fear
 D - a scroll of fog
 J - a scroll of identify
 U - 2 scrolls of blinking
Potions
 m - 3 potions of agility
 o - 3 potions of haste
 q - 3 potions of might
 r - 3 potions of resistance
 E - 3 potions of flight
 H - 7 potions of curing
 L - a potion of berserk rage
 Q - a potion of mutation
 S - 2 potions of ambrosia
 X - a potion of invisibility
Miscellaneous
 j - a lamp of fire
 V - a phantom mirror
Comestibles
 d - 20 rations


   Skills:
 + Level 10.1 Fighting
 - Level 1.7 Dodging
 - Level 1.7 Stealth
 * Level 2.2 Shields
 + Level 11.7 Spellcasting
 + Level 13.5 Conjurations
 - Level 3.0 Summonings
 - Level 4.4 Translocations
 + Level 9.5 Ice Magic
 + Level 10.8 Air Magic
 - Level 3.0 Earth Magic


You had 3 spell levels left.
You knew the following spells:

 Your Spells              Type           Power        Failure   Level  Hunger
a - Throw Flame           Conj/Fire      ######       1%          2    None
b - Call Imp              Summ           ####....     1%          2    None
c - Blink                 Tloc           N/A          1%          2    None
d - Passage of Golubria   Tloc           N/A          2%          4    None
e - Mephitic Cloud        Conj/Pois/Air  #######.     1%          3    None
f - Freezing Cloud        Conj/Ice/Air   #######...   1%          6    #####..
g - Sandblast             Erth           ####..       1%          1    None
h - Magic Dart            Conj           ####         0%          1    None
i - Slow                  Hex            ###.....     2%          2    None
q - Airstrike             Air            #######...   1%          4    None
r - Bolt of Cold          Conj/Ice       ######....   1%          6    #####..
z - Shock                 Conj/Air       ####         1%          1    None


Dungeon Overview and Level Annotations

Branches:
Dungeon (14/15) Temple (1/1) D:6 Lair (6/6) D:10 Swamp (0/4) Lair:4 Snake (0/4) Lair:2 Slime (0/5) Lair:5 Orc (2/2) D:9 Elf (0/3) Orc:2 Vaults (0/5) D:12 D:13

Altars:
Ashenzari
Cheibriados
Elyvilon
Fedhas
Gozag
Kikubaaqudgha
Okawaru
Qazlal
Ru
Trog
Vehumet
Xom
Yredelemnul
Beogh

Shops:
Orc:2 (*?%

Annotations:
D:10 RoseArtemis's ghost, novice MiBe
D:14 Frances


Innate Abilities, Weirdness & Mutations

You have a pair of antennae on your head.
You are completely covered in thin metallic scales. (AC +4, rElec)
A weak demonic guardian rushes to your aid.
Your flesh is heat resistant. (rF+)
When hurt, damage is shared between your health and your magic reserves.
You regenerate magic rapidly.


Message History

The bolt of cold hits Frances.
Frances resists.
Frances is moderately wounded.
Frances mutters in a terrible tongue.
The iron shot hits you!
Frances howls an indescribable curse.
Frances hits you with a long sword of holy wrath!
* * * LOW HITPOINT WARNING * * *
You convulse!
* * * LOW HITPOINT WARNING * * *
Your white imp hits Frances but does no damage.
You feel much better.
Frances hits you with a long sword of holy wrath!
* * * LOW HITPOINT WARNING * * *
You convulse!!
* * * LOW HITPOINT WARNING * * *
Your white imp closely misses Frances.
You feel much better.
Frances screams a word of power!
The iron shot hits you!
You die...

##+#####
#..5@..#
#...@).+
+..))..#
#......#
#......#
####+###


You could see Frances and a friendly white imp.

Vanquished Creatures
  An orc warlord (Orc:1)
  Nessos (D:13)
  A minotaur (Lab)
  A fire dragon (Lair:6)
  Fannar (D:11)
  5 hydras
  2 centaur warriors (D:13)
  4 two-headed ogres
  7 death yaks
  6 orc high priests
  An unseen horror (D:13)
  A swamp dragon (Lair:6)
  A lindwurm (Lair:6)
  2 deep elf magi (Orc:2)
  9 orc knights
  3 manticores
  A wolf spider zombie (D:12)
  2 cyclopes (D:11)
  6 elephants
  5 black mambas
  A centaur zombie (D:10)
  A torpor snail (Lair:4)
  A gargoyle (D:13)
  9 spiny frogs
  8 rime drakes
  6 komodo dragons
  4 trolls
  A minotaur skeleton (Lab)
  10 polar bears
  A dream sheep (Lair:6)
  2 slime creatures (Lair:5)
  2 raiju (Lair:6)
  6 hippogriffs
  A blink frog (Lair:6)
  A shadow (D:12)
  2 wraiths
  22 yaks
  2 wyverns
  3 hungry ghosts
  16 humans
  2 basilisks
  3 steam dragons
  9 wargs
  2 nagas (Lair:2)
  13 water moccasins
  An acid dragon (Lair:6)
  15 hell hounds (Lair:6)
  10 porcupines
  3 swamp drakes
  3 sky beasts
  13 black bears
  43 orc warriors
  2 ice beasts
  3 phantoms
  29 wolves
  2 necrophages
  An eye of draining (D:10)
  10 ogres
  4 centaurs
  10 crocodiles
  A big kobold (D:9)
  13 bullfrogs
  A gnoll sergeant (Orc:2)
  2 wyvern zombies
  3 wyvern skeletons
  A scorpion (D:4)
  19 killer bees
  2 vampire bats (Lair:6)
  6 howler monkeys
  A spriggan skeleton (Lab)
  4 jellies
  3 crimson imps
  Crazy Yiuf (D:6)
  3 hounds
  2 bullfrog zombies
  40 orc priests
  A bullfrog skeleton (D:11)
  An iron imp (Orc:2)
  24 orc wizards
  3 centaur skeletons
  2 iguanas (Lair:6)
  4 worker ants
  A worker ant zombie (D:9)
  3 gnolls (Orc:1)
  11 adders
  3 shadow imps
  A white imp (Orc:2)
  An ooze (D:2)
  An adder skeleton (D:4)
  4 leopard geckos
  101 orcs
  A giant cockroach (D:2)
  14 goblins
  12 hobgoblins
  11 jackals
  15 kobolds
  6 quokkas
  8 bats
  6 frilled lizards
  A giant cockroach zombie (D:5)
  A quokka skeleton (D:6)
  A quokka zombie (D:8)
  6 rats
  A spectral orc (D:6)
683 creatures vanquished.

Vanquished Creatures (collateral kills)
  A black mamba (Lair:6)
  A komodo dragon (Lair:4)
  2 hippogriffs (D:11)
  A wyvern (D:9)
  2 yaks
  A wolf (Lair:2)
  A bullfrog (D:7)
  2 big kobolds
  A hound (D:8)
  An orc priest (Orc:2)
  4 orc wizards
  A killer bee zombie (D:7)
  3 gnolls (D:5)
  2 orcs
  2 goblins (D:4)
  A jackal (D:7)
  A kobold (D:7)
  A fungus (Lair:6)
28 creatures vanquished.

Vanquished Creatures (others)
  An orc (Orc:2)
  A bush (Lair:1)
  5 fungi (Lair:6)
  19 plants
26 creatures vanquished.

Grand Total: 737 creatures vanquished

Notes
Turn   | Place    | Note
-------+----------+-------------------------------------------
     0 | D:1      | mortelune the Demonspawn Wizard began the quest for the Orb.
     0 | D:1      | Reached XP level 1. HP: 13/13 MP: 4/4
   306 | D:1      | Gained mutation: When hurt, damage is shared between your health and your magic reserves. [demonic ancestry]
   306 | D:1      | Reached XP level 2. HP: 19/19 MP: 4/6
   310 | D:1      | Learned a level 2 spell: Call Imp
   313 | D:1      | Learned a level 2 spell: Blink
   512 | D:1      | Reached skill level 2 in Conjurations
  1411 | D:1      | You fall through a shaft!
  1858 | D:2      | Gained mutation: You are partially covered in thin metallic scales. (AC +2) [demonic ancestry]
  1858 | D:2      | Reached XP level 3. HP: 24/24 MP: 4/7
  2623 | D:2      | Learned a level 3 spell: Conjure Flame
  3153 | D:3      | Reached skill level 3 in Conjurations
  3153 | D:3      | Reached XP level 4. HP: 29/30 MP: 0/9
  3660 | D:3      | Noticed an orc warrior
  3766 | D:3      | Gained mutation: You have a pair of small antennae on your head. [demonic ancestry]
  3766 | D:3      | Reached XP level 5. HP: 34/35 MP: 5/10
  4511 | D:4      | Got a shimmering dagger
  4512 | D:4      | Identified the +6 dagger of Fear {distort, rC+ Dex+2} (You found it on level 4 of the Dungeon)
  4896 | D:4      | Reached skill level 4 in Conjurations
  5070 | D:4      | Learned a level 3 spell: Mephitic Cloud
  5404 | D:4      | Found a shimmering altar of Xom.
  5405 | D:4      | Found a shimmering altar of Xom.
  5405 | D:4      | Found a shimmering altar of Xom.
  5405 | D:4      | Found a shimmering altar of Xom.
  5407 | D:4      | Found a shimmering altar of Xom.
  5427 | D:4      | Found a shimmering altar of Xom.
  5769 | D:4      | Found a shimmering altar of Xom.
  5858 | D:4      | Reached XP level 6. HP: 39/41 MP: 1/12
  6316 | D:3      | Reached skill level 5 in Conjurations
  6548 | D:5      | Entered Level 5 of the Dungeon
  7288 | D:5      | Learned a level 2 spell: Slow
  7375 | D:6      | Found a staircase to the Ecumenical Temple.
  7389 | Temple   | Entered the Ecumenical Temple
  7402 | Temple   | Became a worshipper of Vehumet
  7461 | D:6      | Reached skill level 1 in Translocations
  7732 | D:6      | Gained mutation: A weak demonic guardian rushes to your aid. [demonic ancestry]
  7732 | D:6      | Reached XP level 7. HP: 46/46 MP: 7/14
  7868 | D:6      | Found a runed door.
  7874 | D:6      | Noticed Crazy Yiuf
  7885 | D:6      | Killed Crazy Yiuf
  7947 | D:6      | Found a basalt altar of Yredelemnul.
  8583 | D:7      | Reached skill level 6 in Conjurations
  8821 | D:7      | Reached skill level 5 in Spellcasting
  8972 | D:7      | Reached * piety under Vehumet
  8972 | D:7      | Offered knowledge of Sandblast by Vehumet.
  9293 | D:7      | Found an opulent altar of Gozag.
  9476 | D:8      | Noticed a two-headed ogre
  9495 | D:8      | Killed a two-headed ogre
  9495 | D:8      | Reached skill level 8 in Conjurations
  9495 | D:8      | Gained mutation: You have a pair of antennae on your head. [demonic ancestry]
  9495 | D:8      | Reached XP level 8. HP: 52/52 MP: 1/17
 10021 | D:8      | Noticed a two-headed ogre
 10048 | D:8      | Killed a two-headed ogre
 10048 | D:8      | Reached skill level 9 in Conjurations
 10048 | D:8      | Reached XP level 9. HP: 57/57 MP: 1/19
 10634 | D:8      | Learned a level 1 spell: Sandblast
 10820 | D:8      | Reached skill level 10 in Conjurations
 11107 | D:8      | Reached skill level 1 in Earth Magic
 11764 | D:9      | Got an ancient bone ring
 11766 | D:9      | Identified the ring "Guguusk" {*Contam MP+9 EV+3 Int+3} (You found it on level 9 of the Dungeon)
 11889 | D:9      | Reached skill level 1 in Fighting
 12143 | D:8      | Reached ** piety under Vehumet
 12143 | D:8      | Offered knowledge of Shock by Vehumet.
 12220 | D:8      | Reached XP level 10. HP: 58/67 MP: 8/21
 12708 | D:9      | Learned a level 1 spell: Shock
 12727 | D:9      | Reached skill level 11 in Conjurations
 12769 | D:9      | Found a sacrificial altar of Ru.
 13050 | D:9      | Found an iron altar of Okawaru.
 13053 | D:9      | Found a snail-covered altar of Cheibriados.
 13284 | D:9      | Reached skill level 1 in Air Magic
 13695 | D:9      | Found a staircase to the Orcish Mines.
 13803 | D:10     | Entered Level 10 of the Dungeon
 14202 | D:10     | Noticed RoseArtemis's ghost (novice MiBe)
 14228 | D:9      | Found a stormy altar of Qazlal.
 14228 | D:9      | Found a blossoming altar of Fedhas.
 14324 | D:10     | Offered knowledge of Throw Flame by Vehumet.
 14414 | D:10     | Learned a level 2 spell: Throw Flame
 14444 | D:10     | Noticed a two-headed ogre
 14460 | D:10     | Killed a two-headed ogre
 14674 | D:10     | Found a staircase to the Lair.
 14987 | D:11     | Noticed Fannar
 15011 | D:11     | Killed Fannar
 15011 | D:11     | Reached skill level 12 in Conjurations
 15268 | D:11     | Reached *** piety under Vehumet
 15535 | D:11     | Gained mutation: You are mostly covered in thin metallic scales. (AC +3) [demonic ancestry]
 15535 | D:11     | Reached XP level 11. HP: 78/78 MP: 10/23
 16087 | D:11     | Offered knowledge of Olgreb's Toxic Radiance by Vehumet.
 16098 | D:11     | Reached skill level 5 in Fighting
 16495 | Lair:1   | Entered Level 1 of the Lair of Beasts
 16825 | Lair:1   | Noticed an eight-headed hydra
 16832 | Lair:1   | Killed an eight-headed hydra
 17172 | Lair:1   | Reached **** piety under Vehumet
 17667 | Lair:2   | Offered knowledge of Airstrike by Vehumet.
 17673 | Lair:2   | Learned a level 4 spell: Airstrike
 17728 | Lair:2   | Found a labyrinth entrance.
 17751 | Lab      | Entered a labyrinth
 18706 | Lab      | Noticed a minotaur
 18709 | Lab      | Killed a minotaur
 18709 | Lab      | Reached skill level 13 in Conjurations
 18926 | Lair:1   | Reached skill level 5 in Air Magic
 19067 | Lair:1   | Learned a level 6 spell: Bolt of Cold
 19281 | Lair:2   | Reached skill level 1 in Ice Magic
 19965 | Lair:2   | Found a staircase to the Snake Pit.
 20091 | Lair:2   | Noticed a six-headed hydra
 20102 | Lair:2   | Killed a six-headed hydra
 20102 | Lair:2   | Gained mutation: You regenerate magic rapidly. [demonic ancestry]
 20102 | Lair:2   | Reached XP level 12. HP: 86/89 MP: 16/25
 20406 | Lair:3   | Noticed a death yak
 20406 | Lair:3   | Noticed a death yak
 20406 | Lair:3   | Noticed a death yak
 20406 | Lair:3   | Noticed a death yak
 20986 | Lair:3   | Killed a death yak
 20998 | Lair:3   | Killed a death yak
 21045 | Lair:3   | Killed a death yak
 21045 | Lair:3   | Killed a death yak
 21240 | Lair:3   | You fall through a shaft for 2 floors!
 21240 | Lair:5   | Noticed a seven-headed hydra
 21243 | Lair:5   | Killed a seven-headed hydra
 21314 | Lair:5   | Reached skill level 10 in Spellcasting
 21445 | Lair:5   | Noticed a five-headed hydra
 21450 | Lair:5   | Killed a five-headed hydra
 21450 | Lair:5   | Reached skill level 5 in Ice Magic
 21509 | Lair:5   | Found a staircase to the Slime Pits.
 21736 | Lair:4   | Reached ***** piety under Vehumet
 21824 | Lair:4   | Found a staircase to the Swamp.
 21836 | Lair:4   | Found a runed door.
 21959 | Lair:4   | Offered knowledge of Fulminant Prism by Vehumet.
 22423 | Lair:4   | Got a jewelled buckler
 22429 | Lair:4   | Identified the cursed +0 buckler of Haod {rCorr Str-3 Int+2 Dex+6} (You found it on level 4 of the Lair of Beasts)
 22691 | Lair:4   | Reached XP level 13. HP: 98/98 MP: 25/27
 23758 | Lair:6   | Entered Level 6 of the Lair of Beasts
 25201 | Lair:6   | Offered knowledge of Venom Bolt by Vehumet.
 25377 | Lair:6   | Noticed a fire dragon
 25381 | Lair:6   | Killed a fire dragon
 25894 | Lair:6   | Learned a level 6 spell: Freezing Cloud
 26705 | Lair:6   | Identified Vehumet's Reference Book on Confrontation
 26715 | Lair:6   | Gained mutation: You are completely covered in thin metallic scales. (AC +4, rElec) [demonic ancestry]
 26715 | Lair:6   | Reached XP level 14. HP: 106/106 MP: 28/28
 26819 | Lair:6   | Reached skill level 10 in Air Magic
 26929 | Lair:6   | Learned a level 4 spell: Passage of Golubria
 28379 | D:13     | Found a gate to the Vaults.
 28680 | D:12     | Offered knowledge of Conjure Ball Lightning by Vehumet.
 28901 | D:13     | Noticed Nessos
 28905 | D:13     | Killed Nessos
 30477 | Orc:1    | Entered Level 1 of the Orcish Mines
 30598 | Orc:2    | Entered Level 2 of the Orcish Mines
 30795 | Orc:2    | Found a staircase to the Elven Halls.
 31161 | Orc:2    | Got a twisted hat
 31163 | Orc:2    | Got a smoking hat
 31179 | Orc:2    | Identified the +3 hat of Happiness {MR+} (You found it on level 2 of the Orcish Mines)
 31189 | Orc:2    | Identified the cursed +0 hat of Dawn {rF+ SInv} (You found it on level 2 of the Orcish Mines)
 31897 | Orc:2    | Offered knowledge of Fireball by Vehumet.
 32273 | Orc:2    | Reached skill level 10 in Fighting
 32389 | Orc:2    | Found Domagiy's Food Boutique.
 32389 | Orc:2    | Found Celeusis's Magic Scroll Boutique.
 32390 | Orc:2    | Found Xich's Assorted Antiques.
 32390 | Orc:2    | Found Vennetou's Antique Weapon Boutique.
 32399 | Orc:2    | Bought a shiny buckler for 255 gold pieces
 32399 | Orc:2    | Bought a scroll of teleportation for 102 gold pieces
 32399 | Orc:2    | Bought a scroll of teleportation for 102 gold pieces
 32399 | Orc:2    | Bought a potion of curing for 102 gold pieces
 32403 | Orc:2    | Bought a slimy scimitar for 270 gold pieces
 32410 | Orc:2    | Identified the +8 scimitar of a labyrinth {drain, -Tele rN+ Int+9 Stlth+} (You bought it in a shop on level 2 of the Orcish Mines)
 32766 | Orc:1    | Found a roughly hewn altar of Beogh.
 32941 | Orc:2    | Reached skill level 1 in Shields
 33298 | Orc:1    | Noticed an orc warlord
 33412 | Orc:2    | Offered knowledge of Spellforged Servitor by Vehumet.
 33802 | Orc:1    | Noticed an orc warlord
 33914 | Orc:1    | Killed an orc warlord
 33914 | Orc:1    | Gained mutation: Your flesh is heat resistant. (rF+) [demonic ancestry]
 33914 | Orc:1    | Reached XP level 15. HP: 106/115 MP: 10/30
 34471 | D:14     | Noticed Frances
 34479 | D:14     | Killed from afar by Frances

Vault maps used:
D:1:      kennysheep_arrival_seaside, minmay_lizard_pond
D:4:      cheibrodos_greedy_goblins, nicolae_xom_altar_mimics, first_ration
D:6:      yredelemnul_forgotten_temple_becter,
          minmay_temple_entry_statues_pillars, lexackson_kobold_supper,
          uniq_crazy_yiuf_cottage
D:7:      kennysheep_mini_moat
D:9:      nicolae_overflow_hidden_temple, kennysheep_little_box, erik_orc_1
D:10:     cheibrodos_steamvent, lair_entry_dummy
D:11:     grunt_pizzeria, kennysheep_generic_room_14, uniq_fannar
D:13:     david_vaults_3, enter_bailey_2, uniq_nessos
D:14:     minmay_stone_trees_small, uniq_frances
Temple:   nicolae_temple_great_sept
Lair:2:   guppyfry_snake_entry_island, lab_entry_generic
Lair:4:   swamp_mist_pool, pf_torpor_hydra, grunt_megastairs_2
Lair:5:   minmay_slime_entry_pillars, serial_bayou_shore_b, serial_bayou_shore_a
Lair:6:   guppyfry_lair_end_dragon, hangedman_lair_caniforms_friends,
          st_stairs_10, minivault_24, roderic_batcave
Orc:1:    basic_altar, minmay_orc_treasury
Orc:2:    st_orc_pillars, statue_in_the_mist_lemuel, hangedman_minor_magic
Lab:      labyrinth_watery, nicolae_lab_plus, lab_statue

Skill      XL: |  1  2  3  4  5  6  7  8  9 10 11 12 13 14 |
---------------+-------------------------------------------+-----
Conjurations   | 2 3 4 5 8 9 10 12 13 | 13.5
Summonings     | 2 3 |  3.0
Spellcasting   | 4 6 7 8 9 10 11 | 11.7
Translocations | 1 2 4 |  4.4
Earth Magic    | 2 3 |  3.0
Fighting       | 2 4 6 7 8 10 | 10.1
Air Magic      | 3 5 7 9 10 | 10.8
Ice Magic      | 2 5 8 9 |  9.5
Shields        | 2 |  2.2
Dodging        | |  1.7
Stealth        | |  1.7

Action                   |  1- 3 |  4- 6 |  7- 9 | 10-12 | 13-15 || total
-------------------------+-------+-------+-------+-------+-------++-------
Melee: Spear             |    23 |    11 |    67 |    25 |       ||   126
       Staff             |       |       |       |     8 |    33 ||    41
 Cast: Magic Dart        |    82 |   157 |   274 |   110 |       ||   623
       Conjure Flame     |     1 |     7 |    16 |    23 |     1 ||    48
       Call Imp          |       |    16 |    14 |    21 |    14 ||    65
       Mephitic Cloud    |       |     2 |     6 |    10 |       ||    18
       Blink             |       |     1 |     7 |    12 |     7 ||    27
       Sandblast         |       |       |    12 |    31 |     3 ||    46
       Throw Flame       |       |       |       |   301 |   103 ||   404
       Shock             |       |       |       |   105 |    70 ||   175
       Airstrike         |       |       |       |    15 |    60 ||    75
       Bolt of Cold      |       |       |       |    58 |   366 ||   424
       Freezing Cloud    |       |       |       |       |    41 ||    41
       Passage of Golubr |       |       |       |       |     2 ||     2
Evoke: Wand              |       |       |       |       |     2 ||     2
  Use: Scroll            |     2 |     8 |     3 |     8 |    15 ||    36
       Potion            |       |       |     1 |     2 |     5 ||     8
 Stab: Distracted        |       |     1 |       |     2 |       ||     3
  Eat: Chunk             |     6 |    13 |     9 |    38 |    88 ||   154
       Ration            |       |     1 |     1 |     3 |    12 ||    17
Armor: Robe              |     2 |    11 |    53 |    27 |       ||    93
       Steam dragon scal |       |       |       |    49 |   115 ||   164
Dodge: Dodged            |    18 |    20 |    75 |   182 |   216 ||   511
Block: Buckler           |       |       |       |       |    12 ||    12
       Rpst.: Scimitar   |       |       |       |       |     6 ||     6

Table legend:
 A = Spawn XP
 B = Non-spawn XP
 C = Spawn XP percentage of total XP
 D = Spawn monster count
 E = Non-spawn monster count
 F = Spawn count percentage of total count
 G = Total turns spent on level
                    A         B        C        D         E        F      G
               +---------+---------+-------+---------+---------+-------+---------
         Total |       0 |  104253 |   0.0 |       0 |     710 |   0.0 | 34479
               +---------+---------+-------+---------+---------+-------+---------
           D:1 |       0 |      37 |   0.0 |       0 |      23 |   0.0 |  1629
           D:2 |       0 |      43 |   0.0 |       0 |      17 |   0.0 |  1756
           D:3 |       0 |     177 |   0.0 |       0 |      19 |   0.0 |  1234
           D:4 |       0 |     237 |   0.0 |       0 |      28 |   0.0 |  1978
           D:5 |       0 |      89 |   0.0 |       0 |       9 |   0.0 |   692
           D:6 |       0 |     258 |   0.0 |       0 |      12 |   0.0 |  1098
           D:7 |       0 |     641 |   0.0 |       0 |      22 |   0.0 |  1274
           D:8 |       0 |    3154 |   0.0 |       0 |      21 |   0.0 |  2214
           D:9 |       0 |    2453 |   0.0 |       0 |      51 |   0.0 |  2045
          D:10 |       0 |    2332 |   0.0 |       0 |      14 |   0.0 |  1273
          D:11 |       0 |    5026 |   0.0 |       0 |      35 |   0.0 |  1996
          D:12 |       0 |    4556 |   0.0 |       0 |      30 |   0.0 |  1494
          D:13 |       0 |   10580 |   0.0 |       0 |      42 |   0.0 |  1449
          D:14 |       0 |      41 |   0.0 |       0 |       3 |   0.0 |     8
        Lair:1 |       0 |    3490 |   0.0 |       0 |      17 |   0.0 |  1446
        Lair:2 |       0 |    3457 |   0.0 |       0 |      18 |   0.0 |  1314
        Lair:3 |       0 |    7051 |   0.0 |       0 |      23 |   0.0 |  1023
        Lair:4 |       0 |    7514 |   0.0 |       0 |      24 |   0.0 |  1365
        Lair:5 |       0 |    4374 |   0.0 |       0 |      15 |   0.0 |  1244
        Lair:6 |       0 |   24591 |   0.0 |       0 |     106 |   0.0 |  2900
         Orc:1 |       0 |    6169 |   0.0 |       0 |      62 |   0.0 |   966
         Orc:2 |       0 |   16428 |   0.0 |       0 |     116 |   0.0 |  2897
           Lab |       0 |    1555 |   0.0 |       0 |       3 |   0.0 |  1157
               +---------+---------+-------+---------+---------+-------+---------
